| TOP OF THE 1ST |
|
Kennewick Bear Cubs batting - Pitching for Medford Nuggets : LHP Donald Minnick
|
|
Pitching: LHP Donald Minnick
|
|
|
Batting: RHB Matthew Sferrazza
|
0-0: Ground out 6-3 (Groundball, 6, EV 85.6 MPH)
|
|
Batting: SHB Eriberto Them
|
0-0: Fly out, F9 (Flyball, 9, EV 93.8 MPH)
|
|
Batting: RHB Jonathan Black
|
0-0: Called Strike 0-1: Foul Ball, location: 2F 0-2: SINGLE (Flyball, 56D, EV 84.4 MPH)
|
|
Batting: LHB Jose Birriel
|
0-0: Fly out, F8 (Flyball, 8RM, EV 83.1 MPH)
|
| Top of the 1st over - 0 runs, 1 hit, 0 errors, 1 left on base; Kennewick 0 - Medford 0 |
| BOTTOM OF THE 1ST |
|
Medford Nuggets batting - Pitching for Kennewick Bear Cubs : RHP Chuck McGrath
|
|
Pitching: RHP Chuck McGrath
|
|
|
Batting: RHB Ken Jackson
|
0-0: Ball 1-0: Ball 2-0: Ground out 5-3 (Groundball, 56S, EV 63.8 MPH)
|
|
Batting: RHB Juan Salinas
|
0-0: Called Strike 0-1: Fly out, F5 (Popup, 15S, EV 77.5 MPH)
|
|
Batting: RHB Tito Nieves
|
0-0: Ball 1-0: Ball 2-0: Ball 3-0: Base on Balls
|
|
Batting: LHB Jose Mantilla
|
0-0: Foul Ball, location: 2F 0-1: Ball 1-1: Ball Tito Nieves steals 2nd base (no throw) 2-1: Ball 3-1: Ground out 4-3 (Groundball, 4D, EV 84.4 MPH)
|
| Bottom of the 1st over - 0 runs, 0 hits, 0 errors, 1 left on base; Kennewick 0 - Medford 0 |
| TOP OF THE 2ND |
|
Kennewick Bear Cubs batting - Pitching for Medford Nuggets : LHP Donald Minnick
|
|
Batting: RHB Roger Jensen
|
0-0: Fly out, F9 (Flyball, 9, EV 88.8 MPH)
|
|
Batting: LHB Steven Morris
|
0-0: Ball 1-0: Ball 2-0: Ball 3-0: Base on Balls
|
|
Batting: RHB Kenneth Whitfield
|
0-0: Ball 1-0: Swinging Strike 1-1: SINGLE (Line Drive, 89M, EV 106.9 MPH) Steven Morris to second
|
|
Batting: LHB Tony Diaz
|
0-0: Ball 1-0: Swinging Strike 1-1: Called Strike 1-2: Ball 2-2: Strikes out looking
|
|
Batting: LHB John Mizerock
|
0-0: Called Strike 0-1: Ball 1-1: Fly out, F8 (Flyball, 89D, EV 95.0 MPH)
|
| Top of the 2nd over - 0 runs, 1 hit, 0 errors, 2 left on base; Kennewick 0 - Medford 0 |
| BOTTOM OF THE 2ND |
|
Medford Nuggets batting - Pitching for Kennewick Bear Cubs : RHP Chuck McGrath
|
|
Batting: RHB Michael Moreno
|
0-0: Foul Ball, location: 2F 0-1: Ball 1-1: Foul Ball, location: 2F 1-2: Foul Ball, location: 2F 1-2: Ball 2-2: Foul Ball, location: 2F 2-2: Ball 3-2: DOUBLE (Flyball, 8LXD, EV 93.1 MPH)
|
|
Batting: RHB Jose Gonzalez
|
0-0: Ball 1-0: Ground out 6-3 (Groundball, 6, EV 85.0 MPH) Michael Moreno to third
|
|
Batting: RHB Gary Crabtree
|
0-0: Ball 1-0: Ball 2-0: Swinging Strike 2-1: Called Strike 2-2: Ground out U3 (Groundball, 3S, EV 83.8 MPH)
|
|
Batting: RHB Gary Kempton
|
0-0: Ball 1-0: Called Strike 1-1: Ball 2-1: Fly out, F7 (Flyball, 78M, EV 88.1 MPH)
|
| Bottom of the 2nd over - 0 runs, 1 hit, 0 errors, 1 left on base; Kennewick 0 - Medford 0 |
| TOP OF THE 3RD |
|
Kennewick Bear Cubs batting - Pitching for Medford Nuggets : LHP Donald Minnick
|
|
Batting: RHB Matthew Sferrazza
|
0-0: Called Strike 0-1: Ball 1-1: Ball 2-1: Ball 3-1: Base on Balls
|
|
Batting: SHB Eriberto Them
|
0-0: Ball 1-0: Called Strike 1-1: Swinging Strike 1-2: Ball 2-2: Grounds into double play, 6-4-3 (Groundball, 6, EV 85.0 MPH)
|
|
Batting: RHB Jonathan Black
|
0-0: Ball 1-0: Fly out, F8 (Flyball, 8RM, EV 90.6 MPH)
|
| Top of the 3rd over - 0 runs, 0 hits, 0 errors, 0 left on base; Kennewick 0 - Medford 0 |
| BOTTOM OF THE 3RD |
|
Medford Nuggets batting - Pitching for Kennewick Bear Cubs : RHP Chuck McGrath
|
|
Batting: LHB Philip Thomson
|
0-0: Ball 1-0: Foul Ball, location: 2F 1-1: Swinging Strike 1-2: Ball 2-2: Ground out 4-3 (Groundball, 4S, EV 66.3 MPH)
|
|
Batting: RHB Ken Jackson
|
0-0: Called Strike 0-1: Foul Ball, location: 2F 0-2: Ground out U3 (Groundball, 3, EV 80.6 MPH)
|
|
Batting: RHB Juan Salinas
|
0-0: Ball 1-0: Ground out 4-3 (Groundball, 34, EV 91.3 MPH)
|
| Bottom of the 3rd over - 0 runs, 0 hits, 0 errors, 0 left on base; Kennewick 0 - Medford 0 |
| TOP OF THE 4TH |
|
Kennewick Bear Cubs batting - Pitching for Medford Nuggets : LHP Donald Minnick
|
|
Batting: LHB Jose Birriel
|
0-0: Called Strike 0-1: Fly out, F6 (Popup, 6, EV 63.8 MPH)
|
|
Batting: RHB Roger Jensen
|
0-0: Called Strike 0-1: Called Strike 0-2: Ball 1-2: Ball 2-2: SOLO HOME RUN (Flyball, 7D, EV 100.0 MPH), Distance : 375 ft
|
|
Batting: LHB Steven Morris
|
0-0: Called Strike 0-1: Called Strike 0-2: Strikes out swinging
|
|
Batting: RHB Kenneth Whitfield
|
0-0: Foul Ball, location: 2F 0-1: Fly out, F9 (Flyball, 9D, EV 97.5 MPH)
|
| Top of the 4th over - 1 run, 1 hit, 0 errors, 0 left on base; Kennewick 1 - Medford 0 |
| BOTTOM OF THE 4TH |
|
Medford Nuggets batting - Pitching for Kennewick Bear Cubs : RHP Chuck McGrath
|
|
Batting: RHB Tito Nieves
|
0-0: Ball 1-0: Ground out U3 (Groundball, 3L, EV 104.4 MPH)
|
|
Batting: LHB Jose Mantilla
|
0-0: Called Strike 0-1: Called Strike 0-2: Strikes out swinging
|
|
Batting: RHB Michael Moreno
|
0-0: Called Strike 0-1: Ball 1-1: Ball 2-1: Ball 3-1: SINGLE (Groundball, 6M, EV 103.1 MPH) (infield hit)
|
|
Batting: RHB Jose Gonzalez
|
0-0: Ground out 5-3 (Groundball, 25, EV 85.6 MPH)
|
| Bottom of the 4th over - 0 runs, 1 hit, 0 errors, 1 left on base; Kennewick 1 - Medford 0 |
| TOP OF THE 5TH |
|
Kennewick Bear Cubs batting - Pitching for Medford Nuggets : LHP Donald Minnick
|
|
Batting: LHB Tony Diaz
|
0-0: Called Strike 0-1: Ball 1-1: Ball 2-1: Called Strike 2-2: Strikes out swinging
|
|
Batting: LHB John Mizerock
|
0-0: Ball 1-0: Swinging Strike 1-1: Fly out, F8 (Flyball, 8LXD, EV 94.4 MPH)
|
|
Batting: RHB Matthew Sferrazza
|
0-0: DOUBLE (Flyball, 8LD, EV 106.9 MPH)
|
|
Batting: SHB Eriberto Them
|
0-0: Called Strike 0-1: SINGLE (Groundball, 6D, EV 103.1 MPH) Matthew Sferrazza to third Runner from 3rd tries for Home, SAFE, throw by LF to home
|
|
Batting: RHB Jonathan Black
|
0-0: Fly out, F5 (Popup, 5SF, EV 72.5 MPH)
|
| Top of the 5th over - 1 run, 2 hits, 0 errors, 1 left on base; Kennewick 2 - Medford 0 |
| BOTTOM OF THE 5TH |
|
Medford Nuggets batting - Pitching for Kennewick Bear Cubs : RHP Chuck McGrath
|
|
Batting: RHB Gary Crabtree
|
0-0: Called Strike 0-1: Called Strike 0-2: Ball 1-2: Fly out, F4 (Flyball, 34D, EV 86.3 MPH)
|
|
Batting: RHB Gary Kempton
|
0-0: Ball 1-0: Foul Ball, location: 2F 1-1: Foul Ball, location: 2F 1-2: Ball 2-2: Ball 3-2: Ground out 6-3 (Groundball, 56, EV 97.5 MPH)
|
|
Batting: LHB Philip Thomson
|
0-0: Called Strike 0-1: Foul Ball, location: 2F 0-2: Strikes out swinging
|
| Bottom of the 5th over - 0 runs, 0 hits, 0 errors, 0 left on base; Kennewick 2 - Medford 0 |
| TOP OF THE 6TH |
|
Kennewick Bear Cubs batting - Pitching for Medford Nuggets : LHP Donald Minnick
|
|
Batting: LHB Jose Birriel
|
0-0: Ball 1-0: Foul Ball, location: 2F 1-1: Ball 2-1: Ball 3-1: Base on Balls
|
|
Batting: RHB Roger Jensen
|
0-0: Foul Ball, location: 2F 0-1: Foul Ball, location: 2F 0-2: Ball 1-2: Ball 2-2: Ground out 6-3 (Groundball, 6MS, EV 80.6 MPH) Jose Birriel to second
|
|
Batting: LHB Steven Morris
|
0-0: SINGLE (Flyball, 89S, EV 91.3 MPH) Jose Birriel to third Runner from 3rd tries for Home, SAFE, throw by RF to home
|
|
Batting: RHB Kenneth Whitfield
|
0-0: Called Strike 0-1: Foul Ball, location: 2F 0-2: SINGLE (Groundball, 56D, EV 103.1 MPH) Steven Morris to second
|
|
Batting: LHB Tony Diaz
|
0-0: Hit by Pitch Steven Morris to third Kenneth Whitfield to second
|
|
Batting: LHB John Mizerock
|
0-0: Ball 1-0: Fly out, F7 (Flyball, 7D, EV 102.5 MPH) Runner from 3rd tags up, SCORES, throw by LF Kenneth Whitfield to third
|
|
Batting: RHB Matthew Sferrazza
|
0-0: Called Strike 0-1: Swinging Strike 0-2: Foul Ball, location: 2F 0-2: Ball 1-2: Ball 2-2: Fielders Choice at 2nd, 6-4 (Groundball, 6, EV 83.1 MPH)
|
| Top of the 6th over - 2 runs, 2 hits, 0 errors, 2 left on base; Kennewick 4 - Medford 0 |
| BOTTOM OF THE 6TH |
|
Medford Nuggets batting - Pitching for Kennewick Bear Cubs : RHP Chuck McGrath
|
|
Batting: RHB Ken Jackson
|
0-0: Called Strike 0-1: Ball 1-1: SINGLE (Groundball, 6M, EV 94.4 MPH)
|
|
Batting: RHB Juan Salinas
|
0-0: Ball 1-0: Swinging Strike 1-1: Ball 2-1: Ball 3-1: Grounds into double play, 4-6-3 (Groundball, 34, EV 100.6 MPH)
|
|
Batting: RHB Tito Nieves
|
0-0: Ball 1-0: Ball 2-0: Ball 3-0: Called Strike 3-1: Called Strike 3-2: Ground out 5-3 (Groundball, 5S, EV 87.5 MPH)
|
| Bottom of the 6th over - 0 runs, 1 hit, 0 errors, 0 left on base; Kennewick 4 - Medford 0 |
| TOP OF THE 7TH |
|
Kennewick Bear Cubs batting - Pitching for Medford Nuggets : LHP Donald Minnick
|
|
Batting: SHB Eriberto Them
|
0-0: Ball 1-0: Hit by Pitch
|
|
Batting: RHB Jonathan Black
|
0-0: SINGLE (Line Drive, 4M, EV 101.9 MPH) Eriberto Them to second
|
|
Batting: LHB Jose Birriel
|
0-0: Foul Ball, location: 2F 0-1: Ball 1-1: Called Strike 1-2: Strikes out swinging
|
|
Batting: RHB Roger Jensen
|
0-0: Ball 1-0: Ball 2-0: Ball 3-0: Called Strike 3-1: Called Strike 3-2: 3-RUN HOME RUN (Flyball, 89XD, EV 104.4 MPH), Distance : 399 ft
|
|
Pitching: RHP Miguel Valdez
|
|
|
Batting: LHB Steven Morris
|
0-0: Ball 1-0: Swinging Strike 1-1: Foul Ball, location: 2F 1-2: SOLO HOME RUN (Flyball, 9D, EV 91.9 MPH), Distance : 370 ft
|
|
Batting: RHB Kenneth Whitfield
|
0-0: Swinging Strike 0-1: Ball 1-1: Swinging Strike 1-2: Strikes out looking
|
|
Pinch Hitting: RHB Frederick Lovely
|
0-0: Foul Ball, location: 2F 0-1: Ball 1-1: Foul Ball, location: 2F 1-2: Strikes out looking
|
| Top of the 7th over - 4 runs, 3 hits, 0 errors, 0 left on base; Kennewick 8 - Medford 0 |
| BOTTOM OF THE 7TH |
|
Medford Nuggets batting - Pitching for Kennewick Bear Cubs : RHP Chuck McGrath
|
|
Now at SS: Frederick Lovely
|
|
|
Batting: LHB Jose Mantilla
|
0-0: Ball 1-0: Ball 2-0: Ball 3-0: Called Strike 3-1: Base on Balls
|
|
Batting: RHB Michael Moreno
|
0-0: Foul Ball, location: 2F 0-1: Grounds into double play, 6-4-3 (Groundball, 6, EV 83.1 MPH)
|
|
Pinch Hitting: RHB Frankie Thon
|
0-0: Called Strike 0-1: Ball 1-1: DOUBLE (Flyball, 8RXD, EV 96.9 MPH)
|
|
Batting: RHB Gary Crabtree
|
0-0: Called Strike 0-1: Fly out, F7 (Line Drive, 7S, EV 105.6 MPH)
|
| Bottom of the 7th over - 0 runs, 1 hit, 0 errors, 1 left on base; Kennewick 8 - Medford 0 |
| TOP OF THE 8TH |
|
Kennewick Bear Cubs batting - Pitching for Medford Nuggets : RHP Miguel Valdez
|
|
Now at 3B: Leo Fuller
|
|
|
Batting: LHB John Mizerock
|
0-0: SINGLE (Line Drive, 56D, EV 103.8 MPH)
|
|
Batting: RHB Matthew Sferrazza
|
0-0: Ball 1-0: DOUBLE (Line Drive, 89D, EV 110.0 MPH) John Mizerock to third
|
|
Batting: SHB Eriberto Them
|
0-0: Fly out, F7 (Flyball, 7LD, EV 102.5 MPH) Runner from 3rd tags up, SCORES, no throw by LF
|
|
Batting: RHB Jonathan Black
|
0-0: Ball 1-0: Ball 2-0: Swinging Strike 2-1: Ball 3-1: Swinging Strike 3-2: Strikes out swinging
|
|
Batting: LHB Jose Birriel
|
0-0: Ground out 6-3 (Groundball, 6M, EV 80.0 MPH)
|
| Top of the 8th over - 1 run, 2 hits, 0 errors, 1 left on base; Kennewick 9 - Medford 0 |
| BOTTOM OF THE 8TH |
|
Medford Nuggets batting - Pitching for Kennewick Bear Cubs : RHP Chuck McGrath
|
|
Batting: RHB Gary Kempton
|
0-0: Ball 1-0: Swinging Strike 1-1: SINGLE (Line Drive, 7S, EV 86.3 MPH)
|
|
Batting: LHB Philip Thomson
|
0-0: Foul Ball, location: 2F 0-1: Foul Ball, location: 2F 0-2: Foul Ball, location: 2F 0-2: Ball 1-2: Ball 2-2: SINGLE (Groundball, 6D, EV 106.9 MPH) Gary Kempton to second
|
|
Pitching: RHP Calvin Schiraldi
|
|
|
Batting: RHB Ken Jackson
|
0-0: Ball 1-0: Ball 2-0: Called Strike 2-1: SINGLE (Groundball, 3D, EV 110.0 MPH) Gary Kempton to third Philip Thomson to second Runner from 3rd tries for Home, SAFE, throw by RF to home
|
|
Batting: RHB Juan Salinas
|
0-0: Fly out, F7 (Line Drive, 7, EV 96.3 MPH)
|
|
Batting: RHB Tito Nieves
|
0-0: Called Strike 0-1: Ball 1-1: Ball 2-1: Called Strike 2-2: Strikes out swinging
|
|
Batting: LHB Jose Mantilla
|
0-0: Called Strike 0-1: Ball 1-1: Foul Ball, location: 2F 1-2: Fly out, F7 (Flyball, 7, EV 67.5 MPH)
|
| Bottom of the 8th over - 1 run, 3 hits, 0 errors, 2 left on base; Kennewick 9 - Medford 1 |
| TOP OF THE 9TH |
|
Kennewick Bear Cubs batting - Pitching for Medford Nuggets : RHP Miguel Valdez
|
|
Batting: RHB Roger Jensen
|
0-0: Called Strike 0-1: Called Strike 0-2: Ball 1-2: Foul Ball, location: 2F 1-2: Ball 2-2: Ball 3-2: Foul Ball, location: 2F 3-2: Base on Balls
|
|
Batting: LHB Steven Morris
|
0-0: Ball 1-0: Swinging Strike 1-1: 2-RUN HOME RUN (Flyball, 9LD, EV 100.6 MPH), Distance : 369 ft
|
|
Batting: RHB Kenneth Whitfield
|
0-0: Ball 1-0: Foul Ball, location: 2F 1-1: Called Strike 1-2: Foul Ball, location: 2F 1-2: Ball 2-2: Fly out, F2 (Popup, 23F, EV 86.9 MPH)
|
|
Pitching: RHP Alfonso Diaz
|
|
|
Batting: RHB Frederick Lovely
|
0-0: Called Strike 0-1: Ball 1-1: Ball 2-1: Called Strike 2-2: Ball 3-2: Base on Balls
|
|
Batting: LHB John Mizerock
|
0-0: Called Strike 0-1: Foul Ball, location: 2F 0-2: Foul Ball, location: 2F 0-2: Grounds into double play, 5-4-3 (Groundball, 56S, EV 84.4 MPH)
|
| Top of the 9th over - 2 runs, 1 hit, 0 errors, 0 left on base; Kennewick 11 - Medford 1 |
| BOTTOM OF THE 9TH |
|
Medford Nuggets batting - Pitching for Kennewick Bear Cubs : RHP Calvin Schiraldi
|
|
Batting: RHB Michael Moreno
|
0-0: Foul Ball, location: 2F 0-1: Ball 1-1: Ball 2-1: Ball 3-1: Base on Balls
|
|
Batting: LHB Leo Fuller
|
0-0: Swinging Strike 0-1: Called Strike 0-2: Strikes out swinging
|
|
Batting: RHB Gary Crabtree
|
0-0: Ball 1-0: Foul Ball, location: 2F 1-1: Ball 2-1: Ball 3-1: Called Strike 3-2: Foul Ball, location: 2F 3-2: Base on Balls Michael Moreno to second
|
|
Batting: RHB Gary Kempton
|
0-0: Foul Ball, location: 2F 0-1: Called Strike 0-2: Strikes out looking
|
|
Batting: LHB Philip Thomson
|
0-0: Ball 1-0: Ball Wild Pitch! Michael Moreno to third Gary Crabtree to second 2-0: Ball 3-0: Base on Balls
|
|
Batting: RHB Ken Jackson
|
0-0: Ball 1-0: Foul Ball, location: 2F 1-1: SINGLE (Groundball, 6MD, EV 98.1 MPH) Michael Moreno scores Gary Crabtree to third Philip Thomson to second
|
|
Batting: RHB Juan Salinas
|
0-0: Ball 1-0: Ground out 1-3 (Groundball, 13S, EV 69.4 MPH)
|
| Bottom of the 9th over - 1 run, 1 hit, 0 errors, 3 left on base; Kennewick 11 - Medford 2 |
|